 Dungeon Crawl Stone Soup version 0.29.1-12-g30fa7ad0bf (webtiles) character file.

Game seed: 2497272213359882918

66 RapScallion the Trooper (level 4, -2/41 HPs)
             Began as a Hill Orc Abyssal Knight on Jan 11, 2023.
             Was a Believer of Lugonu.
             Slain by a worm (9 damage)
             ... on level 2 of the Dungeon.
             The game lasted 00:14:54 (1954 turns).

RapScallion the Trooper (Hill Orc Abyssal Knight)   Turns: 1954, Time: 00:14:55

Health: -2/41      AC:  3    Str: 15 (17) XL:     4   Next: 15%
Magic:  6/6        EV: 11    Int:  9 (10) God:    Lugonu [**....]
Gold:   93         SH:  0    Dex:  9 (11) Spells: 3/3 levels left

rFire   . . .      SeeInvis .   a - +1 hand axe
rCold   . . .      Faith    .   (no shield)
rNeg    . . .      Spirit   .   b - +0 leather armour
rPois   .          Reflect  .   (no helmet)
rElec   .          Harm     .   (no cloak)
rCorr   .          Rampage  .   (no gloves)
Will    .....                   (no boots)
Stlth   +.........              i - amulet of the acrobat
HPRegen 0.13/turn               (no ring)
MPRegen 0.10/turn               (no ring)

@: lethally poisoned (-2 -> -3)
A: no striking features
a: Renounce Religion, Depart the Abyss, Bend Space


You were on level 2 of the Dungeon.
You worshipped Lugonu.
Lugonu was pleased with you.
You visited 1 branch of the dungeon, and saw 2 of its levels.
You visited the Abyss 1 time.

You collected 93 gold pieces.

Inventory:

Hand Weapons
 a - a +1 hand axe (weapon)
 f - a +1 mace of protection
 n - a +1 whip of pain
 q - a +1 dagger of holy wrath
 v - a +2 dagger of venom
Missiles
 c - 16 stones
 e - 4 poisoned darts (quivered)
Armour
 b - a +0 leather armour (worn)
Jewellery
 i - an amulet of the acrobat (around neck)
Wands
 s - a wand of quicksilver (4)
Scrolls
 k - a scroll of immolation {unknown}
 m - 3 scrolls of identify {unknown}
 p - a scroll of amnesia {unknown}
 r - a scroll of fog {unknown}
 t - a scroll of acquirement {unknown}
 u - a scroll of enchant armour {unknown}
Potions
 d - a potion of magic {unknown}
 g - a potion of heal wounds {unknown}
 h - a potion of curing {unknown}
 j - a potion of haste {unknown}
 l - a potion of attraction {unknown}
 o - a potion of flight {unknown}


   Skills:
 + Level 4.7 Fighting
 + Level 3.2(3.4) Axes
 + Level 1.2(2.1) Maces & Flails
 + Level 2.6 Armour
 * Level 1.1 Dodging
 + Level 0.1 Stealth
 + Level 2.8 Invocations


You had 3 spell levels left.
You didn't know any spells.
Your spell library was empty.

Dungeon Overview and Level Annotations

Branches:
Dungeon (2/15)

Altars:

Shops:
D:2 (*[**

Annotations:
D:2 Sigmund


Message History

The adder is heavily wounded.
The adder closely misses you.
A jackal comes into view.
You barely miss the adder.
The adder is heavily wounded.
The adder bites you but does no damage. x2
You barely miss the adder.
The adder is heavily wounded.
You hit the jackal. The jackal bites you. The adder bites you.
The jackal bites you.
You miss the adder.
The adder is heavily wounded.
You hit the jackal. The adder bites you but does no damage.
The jackal bites you. The adder misses you. The jackal misses you.
There are monsters nearby!
There are monsters nearby!
You hit the jackal.
You kill the jackal!
Lugonu accepts your kill.
You closely miss the adder. You hit the worm.
The adder bites you but does no damage. The worm bites you!
You have reached level 4!
You closely miss the adder.
The adder is heavily wounded.
You hit the worm. The adder bites you.
You are poisoned.
The adder poisons you! The adder barely misses you. The worm bites you.
* * * LOW HITPOINT WARNING * * *
You slash the adder!
You kill the adder!
Lugonu accepts your kill.
You hit the worm but do no damage.
You feel sick.
Your Dodging skill increases to level 1!
You hit the worm but do no damage.
The worm is moderately wounded.
You feel sick. The worm closely misses you.
You hit the worm.
The worm is moderately wounded.
You feel sick. The worm bites you!
You die...

# #..#.##.#
#.†...# #
#.......#
###..##.##
####...[.... #####
#....##..#
....###.##.# >...#
#...∩....# ###...#
#.# ....#
####.....# .......
.... ....# #..####
...... ...## ....#
#..# ....##
#.w#....# ##.#
.##.# # #@#...#
##.# ....#
#.##†#... #..#
.### . #)†##.#
#.## .# #.###†..#
#.# .# #.....#.##
#.# .# ##.h.....#
#.# ##
#..#....#######.#
#
#..#.#.....)....#
..
......#..#########


You could see a worm.

Vanquished Creatures
  2 adders (D:2)
  6 ball pythons
  3 bats
  An endoplasm (D:1)
  3 giant cockroaches
  4 hobgoblins
  4 jackals (D:2)
  A quokka (D:2)
  7 frilled lizards
  7 goblins
  4 kobolds
  4 rats
46 creatures vanquished.

Notes
Turn   | Place    | Note
-------+----------+-------------------------------------------
     0 | Abyss:1  | RapScallion the Hill Orc Abyssal Knight began the quest for
                  | the Orb.
     0 | Abyss:1  | Reached XP level 1. HP: 19/19 MP: 2/2
     0 | D:1      | Escaped the Abyss
     0 | D:1      | Found a transporter.
     0 | D:1      | Found a transporter.
    64 | D:1      | Reached ** piety under Lugonu
   131 | D:1      | Reached skill level 4 in Fighting
   145 | D:1      | Reached XP level 2. HP: 27/27 MP: 4/4
   479 | D:1      | Reached XP level 3. HP: 34/34 MP: 5/5
  1175 | D:2      | Found Tali's Weapon Shoppe.
  1178 | D:2      | Found Fakhluhui's Assorted Antiques.
  1185 | D:2      | Found Omekhlu's Armour Emporium.
  1518 | D:2      | Noticed Sigmund
  1846 | D:2      | Found Vyki's General Store.
  1863 | D:2      | Found Birih's General Store.
  1891 | D:2      | Reached skill level 1 in Maces & Flails
  1951 | D:2      | Reached XP level 4. HP: 18/41 MP: 6/6
  1953 | D:2      | Reached skill level 1 in Dodging
  1954 | D:2      | Slain by a worm

Illustrated notes

Levels and vault maps discovered:
D:1:      spicycebolla_arrival_transporter_tutorial, layout_loops_ring,
          minmay_lizard_pond
D:2:      layout_loops_cross, serial_shops, nicolae_shop_advertising_works
          [nicolae_subvault_shop_adworks], nicolae_square_shop,
          nicolae_shop_statue_plus, nicolae_shop_trees, shop,
          minmay_tetromino_l4, uniq_sigmund

Skill      XL: |  1  2  3  4 |
---------------+-------------+-----
Fighting       | 4 |  4.7
Axes           | 3 |  3.2
Maces & Flails | 1 |  1.2
Dodging        | 1 |  1.1
Armour         | |  2.6
Stealth        | |  0.1
Invocations    | |  2.8

Action                   |  1- 3 |  4- 6 || total
-------------------------+-------+-------++-------
Melee: Mace              |    87 |       ||    87
       Hand axe          |    38 |     4 ||    42
Invok: Depart the Abyss  |     1 |       ||     1
  Use: Potion            |     1 |       ||     1
Armor: Leather armour    |    52 |       ||    52
Dodge: Dodged            |    95 |     2 ||    97
